 Dungeon Crawl Stone Soup version 0.30-a0-172-gc5509c9e31 (webtiles) character file.

Game seed: 7308295129599124085

616 quinnr the Digger (level 7, -1/33 HPs)
             Began as a Spriggan Earth Elementalist on Oct 2, 2022.
             Was an Initiate of Sif Muna.
             Shot with an arrow by a centaur (3 damage)
             ... on level 5 of the Dungeon.
             The game lasted 00:14:17 (4246 turns).

quinnr the Digger (Spriggan Earth Elementalist)     Turns: 4246, Time: 00:14:18

Health: -1/33      AC:  2    Str:  4    XL:     7   Next: 21%
Magic:  0/13       EV: 18    Int: 18    God:    Sif Muna [......]
Gold:   141        SH:  0    Dex: 16    Spells: 7/13 levels left

rFire   + . .      SeeInvis +    e - +2 spear (spect)
rCold   . . .      Faith    .    (no shield)
rNeg    . . .      Spirit   .    a - +0 robe
rPois   .          Reflect  .    (helmet restricted)
rElec   .          Harm     .    (no cloak)
rCorr   .          Rampage  .    (gloves unavailable)
Will    +....                    (boots unavailable)
Stlth   ++........               (no amulet)
HPRegen 0.25/turn                F - ring of protection from fire
MPRegen 0.13/turn                Z - ring of wizardry

@: very slightly contaminated, very quick
A: very small, no large weapons, unfitting armour, see invisible, speed 3
a: Renounce Religion


You were on level 5 of the Dungeon.
You worshipped Sif Muna.
Sif Muna was noncommittal.
You visited 2 branches of the dungeon, and saw 6 of its levels.

You collected 171 gold pieces.
You spent 30 gold pieces at shops.


Innate Abilities, Weirdness & Mutations

You are very small and have problems with some larger weapons.
You are too small for most types of armour.
You have supernaturally acute eyesight. (SInv)
You cover ground extremely quickly. (Speed+++)


   Skills:
 + Level 1.3 Fighting
 + Level 3.8 Dodging
 - Level 3.0 Stealth
 + Level 3.6 Spellcasting
 - Level 3.0 Conjurations
 - Level 4.0 Transmutations
 - Level 5.0 Earth Magic


You had 7 spell levels left.
You knew the following spells:

 Your Spells              Type           Power      Damage    Failure   Level
a - Passwall              Tmut/Erth      15%        N/A       1%          2
w - Stone Arrow           Conj/Erth      34%        3d9       3%          3
z - Sandblast             Erth           42%        2d11      1%          1

Your spell library contained the following spells:

 Spells                   Type           Power      Damage    Failure   Level
 Kiss of Death            Conj/Necr      32%        2d7       3%          1
 Momentum Strike          Conj/Tloc      16%        3d8       5%          2
 Blink                    Tloc           6%         N/A       10%         2
 Petrify                  Tmut/Erth      19%        N/A       10%         4
 Confusing Touch          Hex            3%         N/A       19%         3
 Lesser Beckoning         Tloc           3%         N/A       19%         3
 Tukima's Dance           Hex            3%         N/A       19%         3
 Dispel Undead            Necr           3%         3d7       50%         4
 Manifold Assault         Tloc           3%         N/A       50%         4
 Passage of Golubria      Tloc           3%         N/A       50%         4
 Yara's Violent Unravell  Hex/Tmut       5%         3d4       56%         5
 Storm Form               Tmut/Air       5%         N/A       100%        7

Inventory:

Hand Weapons
 e - a +2 spectral spear (weapon)
Armour
 a - a +0 robe (worn)
Jewellery
 F - a ring of protection from fire (left hand)
 Z - a ring of wizardry (right hand)
Wands
 r - a wand of flame (15)
Scrolls
 g - a scroll of magic mapping
 j - 2 scrolls of immolation
 k - a scroll of vulnerability
 m - 3 scrolls of fear
 p - a scroll of silence {unknown}
Potions
 b - a potion of magic
 d - 2 potions of flight
 f - a potion of brilliance
 h - a potion of haste {unknown}
 i - 2 potions of ambrosia
 n - 2 potions of curing {@q1}
 o - a potion of might
 q - a potion of attraction {unknown}
 t - a potion of berserk rage {unknown}

Dungeon Overview and Level Annotations

Branches:
Dungeon (5/15)             Temple (1/1) D:4

Altars:
Dithmenos
Elyvilon
Fedhas
Gozag
Kikubaaqudgha
Makhleb
Okawaru
Ru
Sif Muna
Trog
Uskayaw
Vehumet
Wu Jian
Yredelemnul
The Shining One

Shops:
D:1 [   D:3 !

Annotations:
D:3 1 exclusion, Sigmund

*,* *,,,,,,,,*######.##.##
*,*****##########......##.##
*,,,,,,......)............#,
****#####......)).#########,
*......##.............,,,
*,#.............######*,*
*,##.##...#####.# *,,
*,**,*#...# *.# ***
*,**,*#.@.# *.#
***,*,,,#...# *.# ******
**,,,***,#.c.#****># *,,,,,
*,,*,,,,,.....,,,*,* *,***,
**,*,,,,*'##.###*,*,* *,***,
*,,,+**'..,...,,*,*,* *,**,,
*,,,*~~#.,,!.<,,*,*,* *,**,,
*,,**~~##,,...,,*,*,* *,**,,
*,,*~~~~*,,,,,,,*,*,* *,**,,


You could see a centaur (drained).


Message History

* * * LOW HITPOINT WARNING * * *
The centaur shoots an arrow.
The arrow hits your necrophage.
Your necrophage barely misses the centaur.
The centaur shoots an arrow.
The arrow hits your necrophage.
The centaur unwields a +0 shortbow.
The centaur barely misses your necrophage.
The centaur closely misses your necrophage.
Your black bear bites the centaur.
Your black bear completely misses the centaur.
Your black bear barely misses the centaur.
Your necrophage hits the centaur.
Your necrophage drains the centaur.
Unknown command.
Reach: e) +2 spear (spect)
Press: ? - help, Dir - move target, f/p - centaur
Aim: a centaur (heavily wounded, lightly drained, ally target, about 26% to evade your +2 spectral spear)
You could not reach far enough!
Your black bear dissolves into shadows!
Your necrophage dissolves into shadows!
The centaur wields a +0 shortbow.
The centaur shoots an arrow.
The arrow closely misses you.
Unknown command.
Unknown command.
Casting: Sandblast (safe; 1% risk of failure)
Confirm with . or Enter, or press ? or * to list all spells.
Aiming: Stone Arrow (dangerous; 3% risk of failure)
Press: ? - help, Shift-Dir - straight line, f/p - centaur
Aim: a centaur, wielding a +0 shortbow (heavily wounded, lightly drained, 81% to hit)
You miscast Stone Arrow.
You are very lightly contaminated with residual magic.
Nothing appears to happen.
The centaur shoots an arrow.
The arrow hits you.
You die...

Skill      XL: |  1  2  3  4  5  6 |
---------------+-------------------+-----
Transmutations | 2 3 4 |  4.0
Earth Magic    | 3 4 5 |  5.0
Conjurations   | 1 2 3 |  3.0
Dodging        | 3 |  3.8
Spellcasting   | 3 |  3.6
Fighting       | 1 |  1.3
Stealth        | |  3.0

Action                   |  1- 3 |  4- 6 |  7- 9 || total
-------------------------+-------+-------+-------++-------
Melee: Spear             |     4 |     9 |       ||    13
 Cast: Sandblast         |    48 |    43 |     2 ||    93
       Passwall          |     1 |       |       ||     1
       Stone Arrow       |       |    25 |     2 ||    27
  Use: Scroll            |     1 |     8 |     4 ||    13
Dodge: Dodged            |    12 |    10 |     5 ||    27

Levels and vault maps discovered:
D:1:      evilmike_arrival_crescent, layout_basic, serial_shops, shop
D:2:      layout_rooms
D:3:      layout_loops_ring, lightli_temple_of_fire, mainiacjoe_overflow_paths,
          serial_shops, nicolae_shop_crystal, minivault_4, uniq_sigmund
D:4:      layout_loops_corners, grunt_temple_overflow_bloody_war,
          minmay_temple_entry_glass, hangedman_decor_slide_cut, uniq_natasha
D:5:      layout_basic, gup_sewer_entry_bowl
Temple:   nicolae_temple_bog_church

Notes
Turn   | Place    | Note
-------+----------+-------------------------------------------
     0 | D:1      | quinnr the Spriggan Earth Elementalist began the quest for
                  | the Orb.
     0 | D:1      | Reached XP level 1. HP: 9/9 MP: 5/5
   143 | D:1      | Reached skill level 2 in Transmutations
   177 | D:1      | Reached skill level 3 in Earth Magic
   361 | D:1      | Reached XP level 2. HP: 13/13 MP: 4/6
   364 | D:1      | Learned a level 2 spell: Passwall
   546 | D:1      | Found Orghirr's Antique Armour Shoppe.
   891 | D:2      | Reached skill level 3 in Transmutations
   899 | D:2      | Reached XP level 3. HP: 16/16 MP: 4/8
  1001 | D:2      | Learned a level 3 spell: Stone Arrow
  1477 | D:3      | Reached XP level 4. HP: 21/21 MP: 7/9
  1607 | D:3      | Reached skill level 4 in Transmutations
  1744 | D:3      | Found Fesorokuc's Distillery.
  1750 | D:3      | Bought a potion of curing for 30 gold pieces
  1766 | D:3      | Noticed Sigmund
  1936 | D:3      | Reached skill level 4 in Earth Magic
  2138 | D:3      | Found an ornate altar of the Wu Jian Council.
  2194 | D:3      | Found a burning altar of Makhleb.
  2428 | D:4      | Noticed a scorpion
  2567 | D:4      | Reached skill level 1 in Conjurations
  2567 | D:4      | Reached XP level 5. HP: 24/24 MP: 3/10
  2820 | D:4      | Found a staircase to the Ecumenical Temple.
  2839 | Temple   | Entered the Ecumenical Temple
  2876 | Temple   | Became a worshipper of Sif Muna the Loreminder
  2965 | D:4      | Noticed Natasha
  2969 | D:4      | Killed Natasha
  3287 | D:4      | Noticed an orc warrior
  3305 | D:4      | Killed an orc warrior
  3306 | D:4      | Reached skill level 2 in Conjurations
  3306 | D:4      | Reached XP level 6. HP: 20/28 MP: 1/11
  3539 | D:4      | Found a bloodstained altar of Trog.
  3540 | D:4      | Found an iron altar of Okawaru.
  3685 | D:4      | Reached skill level 5 in Earth Magic
  3838 | D:4      | Reached skill level 3 in Conjurations
  3990 | D:4      | Noticed Natasha
  3995 | D:4      | Killed Natasha
  4090 | D:4      | Noticed Natasha
  4091 | D:4      | Killed Natasha
  4092 | D:4      | Reached skill level 3 in Dodging
  4092 | D:4      | Reached skill level 3 in Spellcasting
  4164 | D:5      | Entered Level 5 of the Dungeon
  4171 | D:5      | Noticed an ice beast
  4176 | D:5      | Killed an ice beast
  4177 | D:5      | Reached skill level 1 in Fighting
  4177 | D:5      | Reached XP level 7. HP: 33/33 MP: 5/13
  4240 | D:5      | HP: 1/33 [centaur/arrow (12)]
  4246 | D:5      | Shot with an arrow by a centaur

Vanquished Creatures
  An ice beast (D:5)
  An orc warrior (D:4)
  A scorpion (D:4)
  A jelly (D:4)
  An orc priest (D:5)
  A hound (D:4)
  2 iguanas (D:4)
  Natasha (thrice) (D:4)
  An orc wizard (D:5)
  A gnoll (D:4)
  5 adders
  2 worms
  2 dart slugs
  5 orcs (D:4)
  7 ball pythons
  3 bats
  7 endoplasms
  3 giant cockroaches
  6 goblins
  4 hobgoblins
  4 jackals (D:3)
  6 quokkas
  5 frilled lizards
  5 kobolds
  3 rats
80 creatures vanquished.

Vanquished Creatures (collateral kills)
  An orc (D:5)
1 creature vanquished.

Grand Total: 81 creatures vanquished

Table legend: (Time is in decaauts)
 A = Elapsed time spent in this place.
 B = Non-inter-level travel time spent in this place.
 C = Inter-level travel time spent in this place.
 D = Time resting spent in this place.
 E = Time spent auto-exploring this place.
 F = Levels seen in this place.
 G = Mean time per level.
                   A        B        C        D        E       F      G
               +--------+--------+--------+--------+--------+-----+--------+
         Total |   3242 |   3156 |     86 |    126 |   2494 |   6 |  540.3 |
       Dungeon |   3184 |   3111 |     73 |    126 |   2457 |   5 |  636.8 |
        Temple |     57 |     45 |     12 |      0 |     37 |   1 |   57.0 |
               +--------+--------+--------+--------+--------+-----+--------+

Top non-repeatable levels by time:
     D:4: 1317 daAuts
     D:3: 708 daAuts
     D:1: 568 daAuts
     D:2: 531 daAuts
     D:5: 58 daAuts
  Temple: 57 daAuts

Table legend:
 A = Non-vault XP
 B = Vault XP
 C = Vault XP percentage of total XP
 D = Non-vault monster count
 E = Vault monster count
 F = Vault count percentage of total count
                 A         B        C        D         E       F
            +---------+---------+-------+---------+---------+-------
      Total |     831 |      49 |   5.6 |      79 |       2 |   2.5
            +---------+---------+-------+---------+---------+-------
        D:1 |      27 |       0 |   0.0 |      15 |       0 |   0.0
        D:2 |      62 |       0 |   0.0 |      19 |       0 |   0.0
        D:3 |      67 |       0 |   0.0 |      18 |       0 |   0.0
        D:4 |     472 |      49 |   9.4 |      23 |       2 |   8.0
        D:5 |     203 |       0 |   0.0 |       4 |       0 |   0.0
            +---------+---------+-------+---------+---------+-------
